 Dungeon Crawl Stone Soup version 0.20.0-15-g7f486f2 (webtiles) character file.

243666 dvd the Peltast (level 19, -3/174 HPs)
             Began as a Hill Orc Fighter on June 9, 2017.
             Was a High Priest of Beogh.
             Killed from afar by a deep elf sorcerer (32 damage)
             ... with damnation
             ... on level 3 of the Elven Halls on June 10, 2017.
             The game lasted 02:58:57 (33782 turns).

dvd the Peltast (Hill Orc Fighter)                 Turns: 33782, Time: 02:58:58

Health: -3/174     AC: 29    Str: 28    XL:     19   Next: 42%
Magic:  30/35      EV: 18    Int: 13    God:    Beogh [*****.]
Gold:   2505       SH: 33    Dex: 17    Spells: 19/24 levels left

rFire    + . .     SeeInvis +   a - +5 broad axe (elec)
rCold    . . .     Gourm    .   Z - +5 large shield {AC+3}
rNeg     . . .     Faith    .   b - +2 plate armour {rF+}
rPois    +         Spirit   .   z - +3 hat of Pondering {ponderous, MR+ MP+10 Int+5}
rElec    .         Reflect  +   P - +2 cloak {rPois}
rCorr    .         Harm     .   O - +2 pair of gloves {Dex+3}
MR       ++...                  l - +2 pair of boots
Stlth    ..........             D - +4 amulet of reflection
Regen    0.4/turn               e - ring of see invisible
MPRegen  0.3/turn               F - +6 ring of evasion

@: mighty, corroded, slow
A: walk on water, horns 1, poison resistance
}: 2/15 runes: decaying, gossamer
a: Smiting, Recall Orcish Followers, Give Item to Named Follower, Renounce
Religion


You were on level 3 of the Elven Halls.
You worshipped Beogh.
Beogh was extremely pleased with you.
You were not hungry.

You visited 6 branches of the dungeon, and saw 34 of its levels.

You collected 3172 gold pieces.
You spent 667 gold pieces at shops.

Inventory:

Hand Weapons
 a - a +5 broad axe of electrocution (weapon)
 c - a +2 broad axe of freezing
 d - the +0 flail "Rifugom" {speed, MR+ Int+4 Dex+3}
   (You found it on level 2 of the Swamp)

   Attacks with this weapon are significantly faster.
   It affects your intelligence (+4).
   It affects your dexterity (+3).
   It affects your resistance to hostile enchantments.
 E - a +1 long sword of electrocution
 J - a +3 war axe of draining
 Q - a +2 eveningstar of draining
 U - a +3 glaive of chopping
 V - a +1 war axe of flaming
 Y - a +2 broad axe of draining
Missiles
 k - 9 javelins of penetration (quivered)
Armour
 b - a +2 plate armour of fire resistance (worn)
 l - a +2 pair of boots (worn)
 m - a +2 ring mail of cold resistance
 r - the +0 ring mail of True Grit {rPois MR- Regen+ SInv}
   (You found it on level 3 of the Spider Nest)

   It protects you from poison.
   It affects your resistance to hostile enchantments.
   It lets you see invisible.
   It increases your rate of regeneration.
 z - the +3 hat of Pondering (worn) {ponderous, MR+ MP+10 Int+5}
   (You took it off Gastronok on level 3 of the Lair of Beasts)

   It affects your intelligence (+5).
   It affects your resistance to hostile enchantments.
   It affects your magic capacity (+10).
 G - a +2 robe of resistance
 O - a +2 pair of gloves of dexterity (worn)
 P - a +2 cloak of poison resistance (worn)
 S - the +5 ring mail "Bisufeps" {Int+4 Dex+2}
   (You found it on level 4 of the Lair of Beasts)

   It affects your intelligence (+4).
   It affects your dexterity (+2).
 Z - a +5 large shield of protection (worn)
Jewellery
 e - a ring of see invisible (left hand)
 g - an uncursed ring of resist corrosion
 D - a +4 amulet of reflection (around neck)
 F - a +6 ring of evasion (right hand)
 H - an uncursed ring of protection from magic
 M - an uncursed ring of protection from fire
 T - an uncursed amulet of regeneration
 W - the ring "Uppurit" {*Tele rElec}
   (You found it on level 2 of the Elven Halls)

   [ring of teleportation]

   It may teleport you next to monsters.
   It insulates you from electricity.
Wands
 v - a wand of scattershot (5/9)
 x - a wand of digging (4/24)
 X - a wand of acid (3/15)
Scrolls
 h - 17 scrolls of identify
 i - 8 scrolls of remove curse
 j - 12 scrolls of teleportation
 w - 6 scrolls of blinking
 B - 8 scrolls of recharging
 L - 8 scrolls of fog
 N - 7 scrolls of fear
Potions
 n - 8 potions of heal wounds
 o - 4 potions of agility
 q - 5 potions of mutation
 s - 5 potions of ambrosia
 t - 3 potions of might
 u - 12 potions of curing
 A - a potion of resistance
 C - 9 potions of flight
 K - 6 potions of haste
Comestibles
 f - 17 bread rations
 p - 11 meat rations
 y - 3 chunks of flesh
 I - 4 royal jellies
 R - 25 fruits


   Skills:
 + Level 16.6 Fighting
 + Level 19.5(19.8) Axes
 + Level 5.4(12.4) Maces & Flails
 + Level 11.5 Armour
 + Level 9.0 Dodging
 + Level 5.9 Stealth
 + Level 20.7 Shields
 + Level 3.2 Spellcasting
 + Level 4.3 Summonings
 + Level 8.1 Invocations
 + Level 0.8 Evocations


You had 19 spell levels left.
You knew the following spells:

 Your Spells              Type           Power        Failure   Level  Hunger
a - Call Imp              Summ           ##......     58%         2    ##.....
b - Call Canine Familiar  Summ           ##......     83%         3    ###....


Dungeon Overview and Level Annotations

Branches:
Dungeon (15/15)            Temple (0/1) D:6            Lair (6/6) D:9
  Swamp (4/4) Lair:3       Spider (4/4) Lair:4        Slime (0/5) Lair:6
    Orc (2/2) D:11            Elf (3/3) Orc:2        Vaults (0/5) D:13
 Depths (0/5) D:15

Altars:
Elyvilon
Okawaru
Qazlal
Ru
Sif Muna
Uskayaw
Vehumet
Xom
Yredelemnul
Beogh

Shops:
D:11 ([   D:13 !   Orc:2 =:?(   Elf:1 [   Elf:3 *


Innate Abilities, Weirdness & Mutations

You can walk on water.
You have a pair of small horns on your head.
Your system is resistant to poisons. (rPois)


Message History

The damnation engulfs your orc knight.
The damnation engulfs the deep elf sorcerer.
The deep elf sorcerer dies!
A deep elf sorcerer comes into view.
It is wielding a long sword of protection.
Unknown command.
You swap places.
Morbeogh no longer looks unusually strong.
The deep elf annihilator seems less brilliant.
The deep elf sorcerer seems less brilliant.
The deep elf annihilator hits Bolgrim but does no damage.
Your orc knight roars a battlecry!
Morbeogh goes into a battle-frenzy!
Something hits the deep elf annihilator!!
The deep elf annihilator dies!
Beogh accepts your kill.
The deep elf sorcerer casts a spell at you.
The sphere of damnation explodes!
The damnation engulfs your orc knight.
The damnation engulfs Urug.
The damnation engulfs Norbak.
The damnation engulfs you!
You die...

.........# ...
.........# .....
.........## #.....
........).###......
.###.).....#%....e.
##.....)#).e...#
##...oooo....#
#..o)o#)....#
##...o@o)....#
#..(.(o)......#
#).....(#.......
.(......ยง###......
.........# ......
.......### ##....
......# #... ......
... ######


You could see 2 deep elf sorcerers, the friendly Gorbash the orc warlord, a
friendly orc knight, the friendly Bolgrim the orc knight, the friendly Morbeogh
the orc knight, the friendly Norbak the orc knight, the friendly Nordag the orc
knight, the friendly Orgrim the orc knight and the friendly Urug.

Vanquished Creatures
  A deep elf master archer (Elf:3)
  Gastronok (Lair:3)
  Agnes (D:14)
  An orc warlord (Orc:2)
  2 deep elf sorcerers (Elf:3)
  An emperor scorpion (Spider:3)
  2 ghost moths (Spider:3)
  A deep elf elementalist (Elf:3)
  An entropy weaver (Spider:3)
  A deep elf demonologist (Elf:3)
  Nessos (D:15)
  2 deep elf annihilators (Elf:3)
  Azrael (Spider:1)
  A vault guard (D:13)
  11 hydras
  3 ghost crabs
  3 centaur warriors
  11 dancing weapons
  2 alligators
  5 two-headed ogres
  3 death yaks (Lair:5)
  An orc high priest (Orc:2)
  11 deep elf knights
  A death drake (shapeshifter) (D:15)
  A spriggan druid (Swamp:4)
  5 unseen horrors (Elf:2)
  3 swamp dragons (Swamp:4)
  A phantasmal warrior (D:15)
  A shambling mangrove (Swamp:4)
  2 deep elf archers
  A harpy (shapeshifter) (D:13)
  3 oklob plants
  21 deep elf magi
  13 ugly things
  6 orb spiders
  2 orc knights (Orc:2)
  2 cyclopes (D:14)
  A moth of wrath (Spider:4)
  2 manticores (D:13)
  9 wolf spiders
  2 centaur zombies (D:14)
  3 elephants
  Psyche (D:8)
  A torpor snail (Spider:4)
  12 black mambas
  23 spiny frogs
  2 spectral redbacks (Spider:4)
  A rime drake (Lair:6)
  A redback zombie (Spider:4)
  4 demonic crawlers
  2 freezing wraiths
  6 komodo dragons
  5 jumping spiders
  An efreet (D:13)
  4 trolls
  6 tyrant leeches
  6 hornets
  10 blink frogs
  A spectral jumping spider (Spider:4)
  8 hippogriffs
  A spectral tarantella (Spider:4)
  A jumping spider zombie (Spider:4)
  4 bog bodies
  3 slime creatures
  21 redbacks
  An air elemental (Elf:3)
  A tarantella (shapeshifter) (D:15)
  2 water elementals (Elf:2)
  9 wyverns
  Sigmund (D:4)
  3 spriggans
  A shadow (D:11)
  35 yaks
  5 tarantellas
  3 basilisks
  5 fire elementals
  A steam dragon (D:14)
  6 vampire mosquitoes
  A warg (Orc:2)
  4 insubstantial wisps
  Edmund (D:5)
  13 swamp worms
  19 water moccasins
  A floating eye (D:14)
  6 porcupines
  6 swamp drakes
  2 sky beasts
  9 orc warriors
  2 eyes of draining
  A black bear (D:9)
  3 ice beasts
  16 wolves
  2 phantoms
  16 ogres
  8 centaurs
  16 crocodiles
  19 bullfrogs
  An earth elemental (Elf:2)
  A wyvern zombie (D:7)
  2 scorpions
  18 killer bees
  7 wights
  3 electric eels
  7 howler monkeys
  3 crimson imps
  A quasit (D:10)
  2 bullfrog zombies
  4 jellies
  6 hounds
  10 orc priests
  2 bullfrog skeletons
  10 orc wizards
  5 iguanas
  2 centaur skeletons
  8 worker ants
  6 hell rats (Lair:3)
  A hound skeleton (D:7)
  4 gnolls
  8 adders
  3 shadow imps
  6 oozes
  An adder zombie (D:6)
  An adder skeleton (D:6)
  A dart slug (D:2)
  5 leopard geckos
  35 orcs
  4 giant cockroaches
  8 goblins
  3 hobgoblins
  9 jackals
  7 kobolds
  7 quokkas
  8 bats
  2 frilled lizards
  10 rats
  8 briar patches (Swamp:4)
  3 fungi
  6 plants
726 creatures vanquished.

Vanquished Creatures (collateral kills)
  Nikola (Swamp:4)
  Jorgrun (Spider:2)
  Arachne (Spider:2)
  Rupert (D:15)
  A tentacled monstrosity (Swamp:2)
  2 deep elf blademasters (Elf:3)
  2 deep elf master archers (Elf:3)
  An orc warlord (Swamp:4)
  2 thorn hunters (Swamp:4)
  Donald (Swamp:4)
  8 deep elf sorcerers (Elf:3)
  7 emperor scorpions
  2 ghost moths (Spider:4)
  2 deep elf elementalists (Elf:3)
  Louise (Swamp:4)
  7 entropy weavers
  3 deep elf demonologists (Elf:3)
  3 deep elf annihilators (Elf:3)
  3 deep elf death magi (Elf:3)
  9 hydras
  An ogre mage (D:15)
  4 deep elf high priests (Elf:3)
  A rakshasa (D:14)
  2 death knights
  2 centaur warriors
  8 death scarabs (Spider:4)
  A tengu warrior (D:15)
  14 dancing weapons
  9 two-headed ogres
  An orc high priest (Orc:2)
  4 deep elf knights
  A spriggan druid (Swamp:3)
  4 skeletal warriors (D:14)
  An unseen horror (D:13)
  5 swamp dragons
  2 phantasmal warriors (D:15)
  A shambling mangrove (Swamp:1)
  2 spectral wolf spiders (Spider:4)
  4 orc knights
  14 orb spiders
  A salamander (D:15)
  3 wolf spider zombies
  23 wolf spiders
  A manticore (D:14)
  9 ugly things
  20 deep elf magi
  2 moths of wrath
  3 centaur zombies
  A guardian serpent (Lair:6)
  2 black mambas (Lair:6)
  2 gargoyles (D:13)
  4 spiny frogs
  4 spectral redbacks (Spider:4)
  3 torpor snails
  A freezing wraith (D:13)
  An efreet (D:12)
  2 centaur skeletons
  3 komodo dragons
  13 demonic crawlers
  3 tengu conjurers
  21 hornets
  37 jumping spiders
  3 trolls
  3 tyrant leeches (Swamp:4)
  2 bog bodies
  8 slime creatures
  3 spectral jumping spiders (Spider:4)
  2 jumping spider zombies (Spider:4)
  2 hippogriffs
  2 tarantella zombies (Spider:4)
  63 redbacks
  A water elemental (Elf:1)
  A shadow (D:15)
  11 spriggans
  A wyvern (Lair:6)
  27 tarantellas
  3 wraiths (D:13)
  A hungry ghost (D:13)
  4 fire elementals
  10 vampire mosquitoes
  6 swamp worms
  6 insubstantial wisps
  A soldier ant (D:15)
  An acid dragon (D:13)
  3 hell hounds (Spider:1)
  3 water moccasins (Lair:6)
  2 ice beasts
  A black bear (D:11)
  5 orc warriors
  8 swamp drakes
  2 spectral hornets (Spider:4)
  2 hornet zombies (Spider:4)
  9 centaurs
  4 ogres (Orc:2)
  2 bullfrogs
  2 wyvern skeletons
  2 scorpions
  A killer bee (D:11)
  4 wights
  4 crimson imps
  A bullfrog zombie (D:13)
  5 orc priests (Orc:2)
  A hound (D:14)
  2 orc wizards
  An iguana (D:12)
  3 worker ants
  An ooze (Lair:6)
  8 orcs
  A jackal (D:11)
  A briar patch (Swamp:4)
  4 fungi
  8 plants
549 creatures vanquished.

Vanquished Creatures (others)
  A deep elf sorcerer (Elf:3)
  A two-headed ogre (D:15)
  2 orc high priests (Spider:3)
  A centaur warrior (D:13)
  A deep elf knight (Elf:1)
  7 orc knights
  A deep elf mage (Elf:2)
  8 orc sorcerers
  A cyclops (D:15)
  A tengu conjurer (D:14)
  14 orc warriors
  14 orc priests
  3 centaurs
  3 orc wizards
  66 orcs
  2 briar patches (Swamp:4)
  13 fungi
  12 plants (Lair:6)
151 creatures vanquished.

Grand Total: 1426 creatures vanquished

Notes
Turn   | Place    | Note
-------+----------+-------------------------------------------
     0 | D:1      | dvd the Hill Orc Fighter began the quest for the Orb.
     0 | D:1      | Reached XP level 1. HP: 19/19 MP: 1/1
   159 | D:1      | Reached XP level 2. HP: 27/27 MP: 2/2
   553 | D:1      | Reached XP level 3. HP: 32/33 MP: 3/3
   916 | D:2      | Reached skill level 4 in Shields
  1184 | D:3      | Reached XP level 4. HP: 37/40 MP: 4/4
  1676 | D:4      | Noticed Sigmund
  1690 | D:4      | Killed Sigmund
  1690 | D:4      | Reached skill level 1 in Dodging
  1690 | D:4      | Reached skill level 5 in Shields
  1690 | D:4      | Reached XP level 5. HP: 24/46 MP: 5/5
  1690 | D:4      | Reached XP level 6. HP: 27/52 MP: 6/6
  1804 | D:4      | Reached skill level 5 in Axes
  2084 | D:4      | Found a radiant altar of Vehumet.
  2149 | D:4      | Became a worshipper of Beogh the Brigand
  2741 | D:5      | Entered Level 5 of the Dungeon
  3018 | D:5      | Noticed Edmund
  3040 | D:5      | Gained mutation: You have a pair of small horns on your head. [potion of mutation]
  3040 | D:5      | Gained mutation: Your system is resistant to poisons. (rPois) [potion of mutation]
  3047 | D:5      | Killed Edmund
  3047 | D:5      | Reached XP level 7. HP: 33/59 MP: 7/7
  3290 | D:5      | Reached * piety under Beogh
  3701 | D:5      | Reached XP level 8. HP: 56/67 MP: 8/8
  3797 | D:5      | Reached skill level 5 in Fighting
  3797 | D:5      | Reached skill level 6 in Shields
  3950 | D:5      | Found a deep blue altar of Sif Muna.
  4010 | D:5      | Reached skill level 5 in Armour
  4216 | D:5      | Found a basalt altar of Yredelemnul.
  4739 | D:6      | Found a white marble altar of Elyvilon.
  4833 | D:6      | Reached ** piety under Beogh
  4855 | D:6      | Found a staircase to the Ecumenical Temple.
  5045 | D:6      | Found an iron altar of Okawaru.
  5327 | D:7      | Reached XP level 9. HP: 43/75 MP: 5/9
  5643 | D:7      | Reached skill level 7 in Shields
  6227 | D:7      | Reached skill level 10 in Axes
  6477 | D:8      | Noticed Psyche
  6482 | D:8      | Killed Psyche
  6482 | D:8      | Reached skill level 1 in Stealth
  6482 | D:8      | Reached skill level 1 in Invocations
  6800 | D:8      | Found a shimmering altar of Xom.
  6938 | D:9      | Noticed a hornet
  6955 | D:9      | Killed a hornet
  6955 | D:9      | Reached XP level 10. HP: 56/86 MP: 11/11
  7016 | D:9      | Found a hide-covered altar of Uskayaw.
  7021 | D:9      | Found a sacrificial altar of Ru.
  7034 | D:9      | Found a stormy altar of Qazlal.
  7037 | D:9      | Found an iron altar of Okawaru.
  7150 | D:9      | Reached skill level 8 in Shields
  7297 | D:9      | Found a staircase to the Lair.
  7297 | D:9      | Noticed an elephant
  7310 | D:9      | Killed an elephant
  7538 | D:9      | Noticed a centaur warrior
  7551 | D:9      | Killed a centaur warrior
  7577 | D:9      | Reached *** piety under Beogh
  7577 | D:9      | Reached skill level 9 in Shields
  8133 | D:10     | Entered Level 10 of the Dungeon
  8304 | D:10     | Reached skill level 1 in Maces & Flails
  8309 | D:10     | Reached XP level 11. HP: 95/95 MP: 12/12
  9119 | D:11     | Noticed an orc knight
  9193 | D:9      | Reached skill level 10 in Shields
  9199 | Lair:1   | Entered Level 1 of the Lair of Beasts
 10929 | Lair:2   | Reached **** piety under Beogh
 11178 | Lair:2   | Reached XP level 12. HP: 105/105 MP: 13/13
 11419 | Lair:3   | Reached skill level 11 in Shields
 11624 | Lair:3   | Reached skill level 10 in Fighting
 11850 | Lair:3   | Found a staircase to the Swamp.
 11877 | Lair:3   | Reached skill level 15 in Axes
 12202 | Lair:3   | Noticed a seven-headed hydra
 12216 | Lair:3   | Killed a seven-headed hydra
 12463 | Lair:3   | Noticed Gastronok
 12487 | Lair:3   | Killed Gastronok
 13194 | Lair:4   | Reached XP level 13. HP: 114/114 MP: 15/15
 13254 | Lair:4   | Got a translucent ring mail
 13265 | Lair:4   | Identified the +5 ring mail "Bisufeps" {Int+4 Dex+2} (You found it on level 4 of the Lair of Beasts)
 13270 | Lair:4   | Learned a level 2 spell: Call Imp
 13461 | Lair:4   | Reached skill level 12 in Shields
 13849 | Lair:4   | Reached skill level 1 in Summonings
 13949 | Lair:4   | Reached skill level 1 in Spellcasting
 14063 | Lair:4   | Found a hole to the Spider Nest.
 14163 | Lair:5   | Reached ***** piety under Beogh
 14999 | Lair:6   | Entered Level 6 of the Lair of Beasts
 15001 | Lair:6   | Found a staircase to the Slime Pits.
 15543 | Lair:6   | Learned a level 3 spell: Call Canine Familiar
 15579 | Lair:6   | Reached skill level 5 in Dodging
 15599 | Lair:6   | Reached skill level 13 in Shields
 16027 | Lair:6   | Reached XP level 14. HP: 62/124 MP: 17/17
 16301 | Lair:6   | Found a radiant altar of Vehumet.
 17259 | D:11     | Found Veerout's Armour Boutique.
 17265 | D:11     | Found a staircase to the Orcish Mines.
 17267 | D:11     | Found Qoma's Weapon Boutique.
 17405 | D:11     | Reached skill level 5 in Maces & Flails
 18208 | D:12     | Gained Learuk as an ally
 18418 | D:12     | Your ally Learuk died
 18561 | D:12     | Noticed Urug
 18963 | D:13     | Gained Bogfrid as an ally
 18963 | D:13     | Reached skill level 14 in Shields
 19385 | D:13     | Found Fuck's Distillery.
 19404 | D:13     | Bought a potion of heal wounds for 75 gold pieces
 19404 | D:13     | Bought a potion of heal wounds for 75 gold pieces
 19404 | D:13     | Bought a potion of heal wounds for 75 gold pieces
 19404 | D:13     | Bought a potion of haste for 150 gold pieces
 19404 | D:13     | Bought a potion of curing for 45 gold pieces
 19551 | D:13     | Found a gate to the Vaults.
 19572 | D:13     | Reached ****** piety under Beogh
 19695 | D:11     | Bought a +1 large shield of protection for 247 gold pieces
 19915 | D:14     | Noticed Agnes
 19927 | D:14     | Killed Agnes
 20145 | D:14     | Reached XP level 15. HP: 133/133 MP: 19/19
 20163 | D:14     | Paralysed by a floating eye for 3 turns
 20166 | D:14     | Gained Berold as an ally
 20173 | D:14     | Gained Gorbash as an ally
 20544 | D:14     | Reached skill level 15 in Shields
 20801 | D:15     | Entered Level 15 of the Dungeon
 21343 | D:15     | Noticed Rupert
 21345 | D:15     | Noticed Nessos
 21353 | D:15     | Killed Nessos
 21353 | D:15     | Gained Blodwig as an ally
 21357 | D:15     | Killed Rupert
 21805 | D:15     | Found a staircase to the Depths.
 22006 | Orc:1    | Entered Level 1 of the Orcish Mines
 22065 | Orc:2    | Entered Level 2 of the Orcish Mines
 22334 | Orc:2    | Reached skill level 16 in Shields
 22349 | Orc:2    | Found Nynub's Antique Weapon Emporium.
 22367 | Orc:2    | Found Xir Uqiv's Magic Scroll Shoppe.
 22594 | Orc:2    | Found a staircase to the Elven Halls.
 22750 | Orc:2    | Found a roughly hewn altar of Beogh.
 22985 | Orc:2    | Reached XP level 16. HP: 144/144 MP: 20/20
 23037 | Orc:2    | Found a roughly hewn altar of Beogh.
 23124 | Orc:2    | Found Silempyo's Book Shop.
 23275 | Orc:2    | Gained Hilgar as an ally
 23406 | Orc:2    | Found Xerergh's Jewellery Boutique.
 23723 | Spider:1 | Entered Level 1 of the Spider Nest
 23834 | Spider:1 | Identified a scroll of acquirement
 23835 | Spider:1 | Got a fine demon whip
 23836 | Spider:1 | Identified the +2 demon whip "Feqifiel" {venom, -Tele rN+ Dex+8} (You acquired it on level 1 of the Spider Nest)
 23967 | Spider:1 | Noticed Azrael
 23980 | Spider:1 | Killed Azrael
 24034 | Spider:1 | Gained Nordag as an ally
 24242 | Spider:1 | Reached skill level 10 in Armour
 24243 | Spider:1 | Your ally Hilgar died
 24361 | Spider:2 | Noticed Jorgrun
 24369 | Spider:2 | Gained Orgrim as an ally
 24373 | Spider:2 | Killed Jorgrun
 24373 | Spider:2 | Reached skill level 5 in Invocations
 24730 | Spider:2 | Killed Arachne
 24741 | Spider:2 | Your ally Orgrim died
 24842 | Spider:2 | Reached skill level 17 in Shields
 25350 | Spider:3 | Gained Bolgrim as an ally
 25354 | Spider:3 | Gained Morguth as an ally
 25366 | Spider:3 | Got a shimmering ring mail
 25586 | Spider:3 | Reached skill level 5 in Stealth
 25608 | Spider:3 | Your ally Blodwig died
 25673 | Spider:3 | Your ally Blodwig died
 25691 | Spider:3 | Reached XP level 17. HP: 154/154 MP: 21/21
 25775 | Spider:3 | Identified the +0 ring mail of True Grit {rPois MR- Regen+ SInv} (You found it on level 3 of the Spider Nest)
 26237 | Spider:4 | Entered Level 4 of the Spider Nest
 26268 | Spider:4 | Reached skill level 18 in Shields
 26726 | Spider:4 | Got a gossamer rune of Zot
 27142 | Swamp:1  | Entered Level 1 of the Swamp
 27320 | Swamp:1  | Your ally Morguth died
 28096 | Swamp:2  | Got a dazzling flail
 28097 | Swamp:2  | Identified the cursed +0 flail "Rifugom" {speed, MR+ Int+4 Dex+3} (You found it on level 2 of the Swamp)
 28236 | Swamp:2  | Found a runed door.
 28236 | Swamp:2  | Noticed a tentacled monstrosity
 28272 | Swamp:2  | Killed a tentacled monstrosity
 28272 | Swamp:2  | Gained Bogmar as an ally
 28963 | Swamp:3  | Reached skill level 15 in Fighting
 29464 | Swamp:4  | Entered Level 4 of the Swamp
 29476 | Swamp:4  | Noticed Louise
 29491 | Swamp:4  | Killed Louise
 29491 | Swamp:4  | Gained Norbak as an ally
 29491 | Swamp:4  | Reached skill level 19 in Shields
 29513 | Swamp:4  | Noticed Donald
 29522 | Swamp:4  | Killed Donald
 29658 | Swamp:4  | Noticed Nikola
 29667 | Swamp:4  | Your ally Bogfrid died
 29669 | Swamp:4  | Reached XP level 18. HP: 163/163 MP: 23/23
 29669 | Swamp:4  | Killed Nikola
 29872 | Swamp:4  | Your ally Berold died
 29873 | Swamp:4  | Your ally Orgrim died
 29874 | Swamp:4  | Your ally Bogmar died
 30035 | Swamp:4  | Gained Norbak as an ally
 30061 | Swamp:4  | Got a decaying rune of Zot
 30823 | Elf:1    | Entered Level 1 of the Elven Halls
 31221 | Elf:1    | Found Dyci's Antique Armour Emporium.
 31757 | Elf:2    | Got a shimmering platinum ring
 31762 | Elf:2    | Identified the ring "Uppurit" {*Tele rElec} (You found it on level 2 of the Elven Halls)
 31867 | Elf:2    | Found a runed gate.
 31867 | Elf:2    | Found a runed gate.
 31883 | Elf:2    | Found a runed gate.
 32213 | Elf:2    | Reached skill level 20 in Shields
 32442 | Elf:2    | Gained Morbeogh as an ally
 32809 | Elf:3    | Entered Level 3 of the Elven Halls
 32889 | Elf:3    | Found Inenwuecs's Assorted Antiques.
 33273 | Elf:3    | Reached XP level 19. HP: 172/172 MP: 24/24
 33340 | Elf:3    | Noticed an Ice Fiend
 33742 | Elf:3    | Noticed a Brimstone Fiend
 33758 | Elf:3    | Your ally Morbeogh died
 33782 | Elf:3    | Killed from afar by a deep elf sorcerer

Skill      XL: |  1  2  3  4  5  6  7  8  9 10 11 12 13 14 15 16 17 18 19 |
---------------+----------------------------------------------------------+-----
Axes           | 3 4 6 7 9 11 12 14 15 16 17 18 19 | 19.5
Shields        | 4 5 6 7 9 10 11 13 14 16 17 19 20 | 20.7
Armour         | 4 5 6 7 8 9 10 11 | 11.5
Dodging        | 1 2 3 4 5 6 7 8 9 |  9.0
Fighting       | 4 6 7 8 9 10 11 12 13 14 15 16 | 16.6
Stealth        | 1 2 4 5 |  5.9
Invocations    | 2 3 4 5 6 7 8 |  8.1
Maces & Flails | 1 4 5 |  5.4
Summonings     | 3 4 |  4.3
Spellcasting   | 2 3 |  3.2
Evocations     | |  0.8

Action                   |  1- 3 |  4- 6 |  7- 9 | 10-12 | 13-15 | 16-18 | 19-21 || total
-------------------------+-------+-------+-------+-------+-------+-------+-------++-------
Melee: War axe           |   123 |   160 |   304 |   435 |   875 |   525 |       ||  2422
       Headbutt          |       |     2 |    63 |   117 |   261 |   242 |    11 ||   696
       Whip              |       |       |       |    63 |   107 |       |       ||   170
       Flail             |       |       |       |    65 |       |       |       ||    65
       Mace              |       |       |       |       |    11 |       |       ||    11
       Broad axe         |       |       |       |       |       |   367 |    33 ||   400
 Cast: Call Imp          |       |       |       |       |    25 |       |       ||    25
       Call Canine Famil |       |       |       |       |    11 |     3 |       ||    14
Invok: Convert to Beogh  |       |     1 |       |       |       |       |       ||     1
       Smiting           |       |       |     6 |     6 |     6 |     7 |     4 ||    29
       Recall Orcish Fol |       |       |       |       |    20 |    50 |     4 ||    74
       Give Item to Name |       |       |       |       |     6 |     9 |       ||    15
       Resurrection      |       |       |       |       |       |     4 |     1 ||     5
Evoke: Wand              |       |       |       |       |     4 |     2 |       ||     6
  Use: Potion            |       |     4 |     1 |    10 |     2 |     2 |     3 ||    22
       Scroll            |       |     3 |       |    22 |     7 |    12 |     2 ||    46
 Stab: Distracted        |       |       |       |       |     8 |    14 |       ||    22
       Paralysed         |       |       |       |       |     5 |     2 |       ||     7
       Sleeping          |       |       |       |       |     2 |     4 |       ||     6
  Eat: Chunk             |     1 |     3 |    11 |    21 |    33 |    29 |     2 ||   100
       Meat ration       |       |     1 |       |       |       |       |       ||     1
       Royal jelly       |       |       |       |       |     2 |     3 |       ||     5
Armor: Scale mail        |    96 |    74 |    91 |       |       |       |       ||   261
       Chain mail        |       |       |    26 |   152 |     2 |       |       ||   180
       Ring mail         |       |       |       |       |   153 |   120 |       ||   273
       Plate armour      |       |       |       |       |       |    78 |     6 ||    84
Dodge: Dodged            |    42 |    44 |    93 |   173 |   380 |   327 |     8 ||  1067
Block: Shield            |   101 |   140 |   221 |   461 |   512 |       |       ||  1435
       Reflection        |       |     2 |    11 |     7 |    45 |    23 |    10 ||    98
       Large shield      |       |       |       |       |   379 |  1204 |    41 ||  1624
